 Dungeon Crawl Stone Soup version 0.31-a0-174-g85c54bcb58 (webtiles) character file.

Game seed: 111120977436298560

172 qw the Shooter (level 5, -1/49 HPs)
             Began as a Naga Hunter on June 15, 2023.
             Succumbed to a kobold's poison
             ... in a sewer.
             The game lasted 00:00:45 (1934 turns).

qw the Shooter (Naga Hunter)                        Turns: 1934, Time: 00:00:46

Health: -1/49      AC:  3    Str: 13    XL:     5   Next: 53%
Magic:  5/5        EV:  9    Int:  9    God:
Gold:   94         SH:  0    Dex: 17    Spells: 4/4 levels left

rFire   . . .        i - +1 shortbow (heavy)
rCold   . . .        (shield currently unavailable)
rNeg    . . .        c - +0 leather armour
rPois   +            (no helmet)
rElec   .            (no cloak)
rCorr   .            (no gloves)
SInv    +            (no barding)
Will    .....        (no amulet)
Stlth   ++           (no ring)
HPRegen 0.28/turn    (no ring)
MPRegen 0.09/turn

%: no passive effects
@: lethally poisoned (-1 -> -6), about to teleport, short of breath, very slow
A: AC +1, large, see invisible, deformed body, poison resistance, slowness 2,
spit poison 1, naga tail 1
a: Spit Poison


You were in a sewer.
You visited 1 branch of the dungeon, and saw 3 of its levels.
You also visited: Sewer.

You collected 94 gold pieces.


Innate Abilities, Weirdness & Mutations

Your serpentine skin is tough. (AC +1)
You have supernaturally acute eyesight. (SInv)
Armour fits poorly on your strangely shaped body.
Your system is resistant to poisons. (rPois)
You cover ground very slowly.
You can spit poison.
You have a snake-like lower body.


   Skills:
 - Level 3.2 Fighting
 + Level 5.5 Ranged Weapons
 - Level 1.5 Dodging
 - Level 1.5 Stealth


You had 4 spell levels left.
You didn't know any spells.
Your spell library was empty.

Inventory:

Hand Weapons
 i - a +1 heavy shortbow (weapon)
Armour
 c - a +0 leather armour (worn)
Scrolls
 a - a scroll of identify
Potions
 b - a potion of cancellation
 e - a potion of haste
 f - a potion of mutation
 k - a potion of might
 l - a potion of resistance {unknown}

Dungeon Overview and Level Annotations

Branches:
Dungeon (3/15)              Sewer (1/1)

Altars:
Sif Muna
Zin


Message History

You kill the kobold!
The kobold hits you with a +0 dagger. x2
You shoot an arrow.
The arrow closely misses the kobold brigand.
The arrow barely misses the kobold.
The kobold barely misses you. The kobold brigand misses you.
The kobold barely misses you. x2; The kobold hits you but does no damage.
You shoot an arrow.
The arrow hits the kobold brigand but does no damage.
The kobold barely misses you.
The kobold brigand hits you with a +0 short sword!
The kobold hits you with a +0 dagger. x2
The kobold hits you with a +2 dagger of venom.
The kobold completely misses you.
The kobold brigand hits you with a +0 short sword.
You shoot an arrow. The arrow hits the kobold brigand!
The kobold brigand is moderately wounded.
You have got your breath back.
The kobold hits you with a +0 dagger. The kobold brigand closely misses you.
The kobold closely misses you.
The kobold hits you with a +2 dagger of venom.
You are poisoned.
1932 ||| INVOKING Spit Poison.
Aiming: Spit Poison (1% risk of failure)
Press: ? - help, Shift-Dir - straight line, f/p - kobold brigand The splash of poison hits the kobold brigand.
The kobold brigand is moderately wounded.
You feel very sick. The kobold hits you with a +0 dagger.
The kobold brigand hits you with a +0 short sword.
The kobold hits you with a +0 dagger. The kobold barely misses you.
1933 ||| READING scroll of teleportation.
As you read the scroll of teleportation, it crumbles to dust.
You feel strangely unstable.
You feel sick. The kobold hits you with a +0 dagger.
The kobold brigand hits you with a +0 short sword.
The kobold barely misses you. x2
You shoot an arrow.
The arrow barely misses the kobold brigand.
You die...

#......#~~~~~~
#......#~~~~~
#...P..#~~~#
#....~~#~~~#
#...~P#~~~#
##...~~~~~~#
#....~~~~~~#
###...P#~~~#
#.K@K#~~~#
##KK##~~~#
#....#~~~#
#..?.#~~~#
#.!\!#~~~#
#....#~~~#
######~~~#
#...'~~~#
#\\.#~~~#


You could see a kobold brigand and 3 kobolds.

Vanquished Creatures
  Natasha (thrice) (D:2)
  3 gnolls (D:2)
  An adder (D:2)
  A worm (D:3)
  2 bats
  2 endoplasms (D:1)
  5 giant cockroaches
  8 goblins
  5 hobgoblins
  A quokka (D:2)
  5 ball pythons
  6 frilled lizards
  11 kobolds
  5 rats
58 creatures vanquished.

Notes
Turn   | Place    | Note
-------+----------+-------------------------------------------
     0 | D:1      | qw the Naga Hunter began the quest for the Orb.
     0 | D:1      | Reached XP level 1. HP: 19/19 MP: 1/1
     0 | D:1      | 0 ||| qw: Version: 0.2-a-29-g511e9b1
     0 | D:1      | 0 ||| qw: Game counter: 5516
     0 | D:1      | 0 ||| qw: Always use a shield: true
     0 | D:1      | 0 ||| qw: God list: Okawaru
     0 | D:1      | 0 ||| qw: Allow faded altars: false
     0 | D:1      | 0 ||| qw: Do Orc after D:15 true
     0 | D:1      | 0 ||| qw: Do second Lair branch before Depths: true
     0 | D:1      | 0 ||| qw: Lair rune preference: random
     0 | D:1      | 0 ||| qw: Plans: Normal
     0 | D:1      | 0 ||| PLANNING D:1-11
    17 | D:1      | 17 ||| INVOKING Spit Poison.
    32 | D:1      | 32 ||| INVOKING Spit Poison.
    39 | D:1      | 39 ||| INVOKING Spit Poison.
    80 | D:1      | 80 ||| INVOKING Spit Poison.
    84 | D:1      | 84 ||| INVOKING Spit Poison.
   103 | D:1      | Reached skill level 4 in Ranged Weapons
   103 | D:1      | Reached XP level 2. HP: 26/26 MP: 2/2
   124 | D:1      | 124 ||| INVOKING Spit Poison.
   171 | D:1      | 171 ||| INVOKING Spit Poison.
   175 | D:1      | 175 ||| INVOKING Spit Poison.
   211 | D:1      | 211 ||| INVOKING Spit Poison.
   238 | D:1      | 238 ||| INVOKING Spit Poison.
   309 | D:1      | Found a faded altar of an unknown god.
   330 | D:1      | 330 ||| INVOKING Spit Poison.
   335 | D:1      | 335 ||| INVOKING Spit Poison.
   615 | D:1      | 615 ||| READING scroll labelled VICEKHL WITISO.
   616 | D:1      | 616 ||| READING scroll labelled SABREN SAITI.
   617 | D:1      | 617 ||| READING scroll labelled KEPHOF HIKU.
   618 | D:1      | 618 ||| READING scroll labelled TUOCER AFEFAH.
   619 | D:1      | 619 ||| READING scroll labelled TUISTR TELUNG.
   624 | D:1      | 624 ||| DROPPING scroll of butterflies.
   676 | D:2      | 676 ||| INVOKING Spit Poison.
   681 | D:2      | 681 ||| INVOKING Spit Poison.
   685 | D:2      | Noticed Natasha
   687 | D:2      | 687 ||| INVOKING Spit Poison.
   690 | D:2      | 690 ||| INVOKING Spit Poison.
   692 | D:2      | Killed Natasha
   693 | D:2      | Reached XP level 3. HP: 11/32 MP: 3/3
   768 | D:2      | 768 ||| INVOKING Spit Poison.
   800 | D:2      | 800 ||| INVOKING Spit Poison.
   807 | D:2      | 807 ||| INVOKING Spit Poison.
   815 | D:2      | 815 ||| INVOKING Spit Poison.
   816 | D:2      | Reached skill level 5 in Ranged Weapons
   816 | D:2      | Reached XP level 4. HP: 39/39 MP: 4/4
   818 | D:2      | 818 ||| INVOKING Spit Poison.
   823 | D:2      | 823 ||| INVOKING Spit Poison.
  1004 | D:2      | 1004 ||| INVOKING Spit Poison.
  1141 | D:2      | Noticed Natasha
  1143 | D:2      | 1143 ||| INVOKING Spit Poison.
  1143 | D:2      | Killed Natasha
  1144 | D:2      | Reached skill level 3 in Fighting
  1144 | D:2      | Reached XP level 5. HP: 49/49 MP: 5/5
  1163 | D:2      | 1163 ||| Stepping ~*~*~tactically~*~*~ (outnumbered).
  1164 | D:2      | 1164 ||| Stepping ~*~*~tactically~*~*~ (outnumbered).
  1165 | D:2      | 1165 ||| INVOKING Spit Poison.
  1168 | D:2      | 1168 ||| INVOKING Spit Poison.
  1184 | D:2      | 1184 ||| INVOKING Spit Poison.
  1187 | D:2      | 1187 ||| INVOKING Spit Poison.
  1212 | D:2      | Noticed Natasha
  1215 | D:2      | 1215 ||| INVOKING Spit Poison.
  1218 | D:2      | Killed Natasha
  1241 | D:2      | 1241 ||| INVOKING Spit Poison.
  1247 | D:2      | 1247 ||| INVOKING Spit Poison.
  1446 | D:2      | 1446 ||| READING scroll labelled ZUTHUO DOJITI.
  1447 | D:2      | 1447 ||| READING scroll labelled XOURAAB GEATS.
  1529 | D:2      | 1529 ||| DRINKING 3 puce potions.
  1530 | D:2      | 1530 ||| READING 3 scrolls of identify.
  1530 | D:2      | 1530 ||| IDENTIFYING fizzy cyan potion
  1531 | D:2      | 1531 ||| READING 2 scrolls of identify.
  1531 | D:2      | 1531 ||| IDENTIFYING fizzy dark potion
  1532 | D:2      | 1532 ||| DROPPING potion of brilliance.
  1533 | D:2      | 1533 ||| DROPPING 2 potions of attraction.
  1550 | D:3      | 1550 ||| PLANNING SEWER
  1595 | D:3      | Found a glowing silver altar of Zin.
  1595 | D:3      | Found a shimmering blue altar of Sif Muna.
  1606 | D:3      | 1606 ||| INVOKING Spit Poison.
  1680 | D:3      | 1680 ||| INVOKING Spit Poison.
  1799 | D:3      | 1799 ||| INVOKING Spit Poison.
  1803 | D:3      | 1803 ||| INVOKING Spit Poison.
  1840 | D:3      | 1840 ||| INVOKING Spit Poison.
  1849 | D:3      | 1849 ||| INVOKING Spit Poison.
  1877 | D:3      | Found a glowing drain.
  1878 | D:3      | 1878 ||| DROPPING +6 ring of intelligence.
  1879 | D:3      | 1879 ||| READING scroll labelled HYREIR LUNG.
  1880 | D:3      | 1880 ||| READING 6 scrolls of identify.
  1880 | D:3      | 1880 ||| IDENTIFYING black potion
  1881 | D:3      | 1881 ||| READING 5 scrolls of identify.
  1881 | D:3      | 1881 ||| IDENTIFYING lumpy cyan potion
  1882 | D:3      | 1882 ||| READING 4 scrolls of identify.
  1882 | D:3      | 1882 ||| IDENTIFYING white potion
  1883 | D:3      | 1883 ||| READING 3 scrolls of identify.
  1883 | D:3      | 1883 ||| IDENTIFYING fuming purple potion
  1884 | D:3      | 1884 ||| READING 2 scrolls of identify.
  1884 | D:3      | 1884 ||| IDENTIFYING ruby potion
  1885 | D:3      | 1885 ||| DROPPING potion of ambrosia.
  1886 | D:3      | 1886 ||| DROPPING potion of lignification.
  1896 | Sewer    | Entered a sewer
  1914 | Sewer    | 1914 ||| INVOKING Spit Poison.
  1919 | Sewer    | 1919 ||| INVOKING Spit Poison.
  1924 | Sewer    | Noticed a kobold brigand
  1925 | Sewer    | 1925 ||| INVOKING Spit Poison.
  1928 | Sewer    | 1928 ||| INVOKING Spit Poison.
  1932 | Sewer    | 1932 ||| INVOKING Spit Poison.
  1932 | Sewer    | HP: 10/49 [kobold brigand/+0 short sword (6)]
  1933 | Sewer    | 1933 ||| READING scroll of teleportation.
  1933 | Sewer    | HP: 2/49 [kobold brigand/+0 short sword (4)]
  1934 | Sewer    | Succumbed to a kobold's poison

Levels and vault maps discovered:
D:1:      moated_graveyard_arrival, layout_loops_ring,
          shapermc_ecumenical_altar_hornbeckon, minmay_tetromino_s2
D:2:      layout_basic, lexackson_kobold_supper, uniq_natasha
D:3:      layout_basic, nicolae_overflow_two_pavilions,
          cheibrodos_sewer_entry_bend, ebering_ghost_gozag
Sewer:    kennysheep_pipe_town

Skill      XL: |  1  2  3  4 |
---------------+-------------+-----
Ranged Weapons | 4 5 |  5.5
Fighting       | 3 |  3.2
Dodging        | |  1.5
Stealth        | |  1.5

Action                     |  1- 3 |  4- 6 || total
---------------------------+-------+-------++-------
   Fire: Shortbow          |    37 |    57 ||    94
Ability: Spit Poison       |    20 |    22 ||    42
    Use: Scroll            |     5 |    11 ||    16
         Potion            |       |     1 ||     1
 Armour: Leather armour    |       |    10 ||    10
  Dodge: Dodged            |     6 |    21 ||    27

Table legend:
 A = Non-vault XP
 B = Vault XP
 C = Vault XP percentage of total XP
 D = Non-vault monster count
 E = Vault monster count
 F = Vault count percentage of total count
                 A         B        C        D         E       F
            +---------+---------+-------+---------+---------+-------
      Total |     181 |      66 |  26.7 |      40 |      18 |  31.0
            +---------+---------+-------+---------+---------+-------
        D:1 |      25 |       4 |  13.8 |      15 |       2 |  11.8
        D:2 |     144 |      46 |  24.2 |      16 |       9 |  36.0
        D:3 |      12 |       5 |  29.4 |       9 |       1 |  10.0
      Sewer |       0 |      11 | 100.0 |       0 |       6 | 100.0
            +---------+---------+-------+---------+---------+-------
